[Event "Klubbmästerskap 2025 Tisdag"]
[Site "Linköping, Sweden"]
[Date "2025.03.04"]
[Round "6.1"]
[White "Olsson, Simon"]
[Black "Rosenbecker, Daniel"]
[Result "0-1"]
[TimeControl "90 min + 30 sec/move"]
[BlackTitle "CM"]
[WhiteElo "2075"]
[BlackElo "2110"]

1. d4 Nf6 2. c4 d6 3. Nc3 Nbd7 4. e4 e5 5. d5 g6 6. Be2 Bg7 7. h4 Nc5 8. Qc2 h6 9. Bd2 c6 10.
Be3 cxd5 11. Bxc5 dxc5 12. cxd5 O-O 13. Nf3 Ne8 14. Nd2 f5 15. O-O-O a6 16. h5 g5 17. exf5 Bxf5 18. Bd3 Nd6 19.
f3 b5 20. g4 Bxd3 21. Qxd3 b4 22. Nce4 c4 23. Qe2 c3 24. Nb3 Qb6 25. Nxd6 Qxd6 26. Na5 e4 27. fxe4 Qc5 28. Nb3 Qb6 29.
Rhf1 Be5 30. Kb1 a5 31. Nc1 Rfc8 32. Rd3 cxb2 33. Nb3 a4 34. Nd2 Qc5 35. Qd1 b3 36. Nxb3 axb3 37. Rxb3 Rxa2 38.
Kxa2 Ra8+ 0-1

[Event "Klubbmästerskap 2025 Tisdag"]
[Site "Linköping, Sweden"]
[Date "2025.03.04"]
[Round "6.2"]
[White "Malm, Simon 1995"]
[Black "Carlsson, Ingvar"]
[Result "1/2-1/2"]
[TimeControl "90 min + 30 sec/move"]
[WhiteElo "1976"]
[BlackElo "1996"]

1. d4 f5 2. c4 Nf6 3. g3 e6 4. Bg2 Bb4+ 5. Bd2 Qe7 6. a3 Bxd2+ 7. Qxd2 O-O 8. Nc3 d6 9. e3 c6 10. Nge2 e5 11.
dxe5 dxe5 12. b4 Be6 13. c5 Na6 14. O-O Rad8 15. Qc2 Nc7 16. Rad1 g6 17. Rxd8 Rxd8 18. Rd1 Rxd1+ 19. Qxd1 Qd7 20.
Qxd7 Nxd7 21. e4 Kf7 22. exf5 gxf5 23. f4 Kf6 24. Kf2 Bc4 25. Ke3 a5 26. fxe5+ Kxe5 27. Nd4 axb4 28. axb4 Na6 29.
Bxc6 bxc6 30. Nxc6+ Ke6 31. Na5 Bf1 32. c6 Nb6 33. b5 Nc7 34. Kd4 Nxb5+ 35. Nxb5 Bxb5 36. Kc5 Bxc6 37. Nxc6 Nd7+ 38.
Kd4 Kf6 39. Ke3 Nc5 40. Nd4 Ke5 41. Nf3+ Kf6 42. Nd4 Ke5 43. Ke4+ 1/2-1/2

[Event "Klubbmästerskap 2025 Tisdag"]
[Site "Linköping, Sweden"]
[Date "2025.03.04"]
[Round "6.3"]
[White "Pavlic, Oliver"]
[Black "Grundel, Sam"]
[Result "0-1"]
[TimeControl "90 min + 30 sec/move"]
[WhiteElo "1950"]
[BlackElo "2019"]

1. d4 d5 2. c4 c6 3. Nc3 Nf6 4. e3 e6 5.
Nf3 Nbd7 6. Qc2 Bd6 7. Bd3 O-O 8. O-O dxc4 9. Bxc4 e5 10. h3 Qe7 11. a3 Bc7 12.
Ba2 h6 13. Nh4 Re8 14. Nf5 Qf8 15. Nb5 Bb8 16. Bd2 a5 17. dxe5 Rxe5 18. Nbd4 Ne4 19. Be1 Ndf6 20. g4 c5 21.
Nf3 Rxf5 22. gxf5 Bxf5 23. Nh4 Bxh3 24. f3 Ng5 25. Bc3 Ra6 26. Nf5 b5 27. b4 c4 28. Rad1 Bc7 29. Bb1 g6 30.
Nd4 Bxf1 31. Rxf1 Nd5 32. Qc1 Qe7 33. f4 Nxe3 0-1

[Event "Klubbmästerskap 2025 Tisdag"]
[Site "Linköping, Sweden"]
[Date "2025.03.04"]
[Round "6.4"]
[White "Ivarsson, Simon"]
[Black "Gustavsson, Rolf"]
[Result "1-0"]
[TimeControl "90 min + 30 sec/move"]
[WhiteElo "1771"]
[BlackElo "1695"]

1. e4 c6 2. d4 d5 3. exd5 cxd5 4. c4 Nf6 5. Nc3 e6 6. Nf3 Nc6 7. Bg5 Be7 8. Be2 dxc4 9. Bxc4 O-O 10. O-O b6 11. Re1 Re8 12. h3 Bb7 13.
Rc1 Nb4 14. Ne5 Nbd5 15. Bd3 g6 16. a3 Kg7 17. Qd2 Rg8 18. Bh6+ 1-0

[Event "Klubbmästerskap 2025 Tisdag"]
[Site "Linköping, Sweden"]
[Date "2025.03.04"]
[Round "6.6"]
[White "Jakobsson, Leif"]
[Black "Martinelle, Christoffer"]
[Result "1-0"]
[TimeControl "90 min + 30 sec/move"]
[WhiteElo "1714"]
[BlackElo "1765"]

1. e4 d5 2. exd5 Qxd5 3. Nc3 Qa5 4. d4 c6 5. Bf4 Nf6 6. Bd3 Bg4 7. f3 Bh5 8. Nge2 e6 9. O-O Nd5 10. Nxd5 cxd5 11. c4 Nc6 12. cxd5 exd5 13.
Qb3 Qb6 14. Qxd5 Bg6 15. Be4 Rd8 16. Qb3 Qxb3 17. Bxc6+ bxc6 18. axb3 Bd3 19. Rfe1 Rd7 20. Nc1+ Kd8 21. Nxd3 Rxd4 22. Rad1 Kc8 23. Be3 Rd7 24.
Ne5 Rc7 25. Nc4 Bb4 26. Nd6+ Kb8 27. Bf4 g5 28. Re8+ 1-0

[Event "Klubbmästerskap 2025 Tisdag"]
[Site "Linköping, Sweden"]
[Date "2025.03.04"]
[Round "6.7"]
[White "Andersson, Fredrik 1969"]
[Black "Modéer, Björn"]
[Result "1-0"]
[TimeControl "90 min + 30 sec/move"]
[WhiteElo "1746"]
[BlackElo "1700"]

1. d4 Nf6 2. Nc3 d5 3. Bf4 c5 4. e4 dxe4 5. dxc5 Qa5 6. Qd2 a6 7. Nxe4 Qxd2+ 8. Nxd2 Nc6 9. c3 e5 10.
Be3 Nd5 11. Ne4 Nxe3 12. fxe3 Be6 13. b4 Rd8 14. Nf3 f6 15. Be2 Be7 16. O-O O-O 17. a4 Bf5 18. Bc4+ Kh8 19. Nfd2 Bc8 20.
b5 Nb8 21. Nb3 f5 22. Ng3 g6 23. Rfd1 Kg7 24. Rd5 Kf6 25. Rf1 Kg7 26. Rfd1 Rxd5 27. Bxd5 Rd8 28. c4 Nc6 29. Rd2 Nb4 30.
Ne2 Kf6 31. c6 bxc6 32. bxc6 Bd6 33. Nc3 Bc7 34. Kf2 Bb6 35. Ke2 Bc7 36. Nc5 Rd6 37. Nb7 Bxb7 38. cxb7 Nxd5 39. Nxd5+ Rxd5 40.
cxd5 Ke7 41. d6+ 1-0

[Event "Klubbmästerskap 2025 Tisdag"]
[Site "Linköping, Sweden"]
[Date "2025.03.04"]
[Round "6.8"]
[White "Tonkin, Archie"]
[Black "Larsson, Elin"]
[Result "0-1"]
[TimeControl "90 min + 30 sec/move"]
[WhiteElo "1657"]
[BlackElo "1666"]

1. c4 e5 2. Nc3 Nf6 3. e4 Bc5 4. h3 c6 5. d3 d5 6. cxd5 cxd5 7. exd5 Nxd5 8. Nxd5 Qxd5 9. Be3 Bb4+ 10. Bd2 Bxd2+ 11. Qxd2 O-O 12.
Ne2 Rd8 13. Nc3 Qa5 14. f3 Nc6 15. Rd1 Bf5 16. a3 Nd4 17. Ne4 Qxd2+ 18. Rxd2 Rac8 19. Nf2 Nb3 20. Rd1 Rc2 21. g4 Be6 22.
Ne4 Bd5 23. Rb1 Nd4 24. Nd2 Bxf3 25. Nxf3 Nxf3+ 26. Kd1 Rd2+ 0-1

[Event "Klubbmästerskap 2025 Tisdag"]
[Site "Linköping, Sweden"]
[Date "2025.03.04"]
[Round "6.10"]
[White "Giertz, Olov"]
[Black "Gällman, Joel"]
[Result "0-1"]
[TimeControl "90 min + 30 sec/move"]
[WhiteElo "1585"]
[BlackElo "1461"]

1. Nc3 e5 2. e4 Bb4 3. a3 Bxc3 4. dxc3 Nf6 5. f3 Nxe4 6. fxe4 Qh4+ 7. g3 Qxe4+ 8. Be2 Qxh1 9. Kd2 Qxh2 10. Qe1 O-O 11. Nf3 Qh6+ 12. Kd1 Qd6+ 13.
Bd2 e4 14. Ng5 e3 15. Bc4 Qxd2+ 16. Qxd2 exd2 17. Kxd2 h6 18. Nxf7 Rxf7 19. Bxf7+ Kxf7 20. Rf1+ Kg6 21. Rf8 Nc6 22. b4 b5 23. Rf4 a5 24.
c4 axb4 25. axb4 Ba6 26. cxb5 Bxb5 27. c4 Ra2+ 28. Kd3 Nxb4+ 0-1